 Dungeon Crawl Stone Soup version 0.30-a0-141-g30f27751c5 (webtiles) character file.

Game seed: 6088460583213858035

261 qw the Chopper (level 6, 0/37 HPs)
             Began as a Gargoyle Fighter on Sept 25, 2022.
             Slain by an orc
             ... wielding a +0 war axe
              (2 damage)
             ... on level 4 of the Dungeon.
             The game lasted 00:01:17 (3824 turns).

qw the Chopper (Gargoyle Fighter)                   Turns: 3824, Time: 00:01:18

Health: 0/37       AC: 15    Str: 21    XL:     6   Next: 18%
Magic:  6/6        EV:  7    Int:  9    God:
Gold:   156        SH:  4    Dex:  9    Spells: 5/5 levels left

rFire   . . .      SeeInvis .    Y - +0 war axe
rCold   . . .      Faith    .    c - +0 buckler
rNeg    + . .      Spirit   .    h - +0 chain mail
rPois   inf        Reflect  .    a - +0 helmet
rElec   +          Harm     .    (no cloak)
rCorr   +          Rampage  .    n - +0 pair of gloves
Will    .....                    (no boots)
Stlth   ..........               (no amulet)
HPRegen 0.12/turn                m - ring of resist corrosion
MPRegen 0.10/turn                (no ring)

@: about to teleport
A: sickness immunity, AC +4, negative energy resistance 1, electricity
resistance, torment resistance 1, petrification resistance
a: no special abilities


You were on level 4 of the Dungeon.
You visited 1 branch of the dungeon, and saw 4 of its levels.

You collected 156 gold pieces.


Innate Abilities, Weirdness & Mutations

You are immune to sickness and miasma.
Your stone body is resilient. (AC +4)
You are immune to poison.
You resist negative energy. (rN+)
You are resistant to electric shocks. (rElec)
You are resistant to unholy torment.
You are immune to petrification.


   Skills:
 + Level 3.4 Fighting
 - Level 5.0 Axes
 - Level 2.2 Throwing
 - Level 3.2 Armour
 - Level 3.2 Shields


You had 5 spell levels left.
You didn't know any spells.
Your spell library was empty.

Inventory:

Hand Weapons
 q - a +0 flail
 Y - a +0 war axe (weapon)
Armour
 a - a +0 helmet (worn)
 c - a +0 buckler (worn)
 h - a +0 chain mail (worn)
 n - a +0 pair of gloves (worn)
Jewellery
 m - a ring of resist corrosion (left hand)
Scrolls
 f - 2 scrolls of identify
Potions
 b - a potion of attraction {unknown}
 d - a potion of might
 e - a potion of cancellation
 g - a potion of flight {unknown}
 i - a potion of heal wounds {unknown}
 l - a potion of degeneration {unknown}
 o - a potion of berserk rage {unknown}
 p - a potion of curing {unknown}

Dungeon Overview and Level Annotations

Branches:
Dungeon (4/15)
 Temple: D:4-7

Altars:
Cheibriados
Sif Muna
Vehumet


Message History

The orc closely misses you. The orc hits you but does no damage.
You closely miss the orc.
The orc is heavily wounded.
You barely miss the orc. You block the orc's attack.
The orc hits you but does no damage.
You closely miss the orc.
The orc is heavily wounded.
You closely miss the orc. The orc hits you with a +0 war axe!
The orc barely misses you.
You barely miss the orc.
The orc is heavily wounded.
You hit the orc. The orc hits you with a +0 war axe!
The orc hits you but does no damage.
You slash the orc!
You kill the orc!
You barely miss the orc. You block the orc's attack.
The jelly hits you but does no damage. The orc hits you with a +0 war axe!
You barely miss the orc.
The orc is heavily wounded.
You hit the jelly.
Your hands burn!
The jelly barely misses you. The orc hits you with a +0 war axe.
You barely miss the orc.
The orc is heavily wounded.
You hit the jelly but do no damage.
Your hands burn!
The jelly closely misses you. The orc hits you but does no damage.
You barely miss the orc.
The orc is heavily wounded.
You hit the jelly.
Your hands burn!
The jelly barely misses you. The orc hits you with a +0 war axe.
3823 ||| READING scroll of teleportation.
As you read the scroll of teleportation, it crumbles to dust.
You feel strangely unstable. The jelly barely misses you.
The orc barely misses you.
You barely miss the orc.
The orc is heavily wounded.
You slash the jelly!
Your hands burn!
The jelly hits you but does no damage. The orc hits you with a +0 war axe.
The jelly barely misses you. The orc hits you with a +0 war axe.
You die...

## #...# ### ......
.# ##.# #.#.#.#.(#
.####..# #.#.#.#..#
.......####.#.#.#..
######......#.#.#..
# #
#####..#.#.#.##.#..(
# #..#.#.#......S. #
#..#.#.#J### #
#..#.#.@o..# ##
#......#.#.# .#
........#...#...# ##
#########...#####
#..... #...### #.#..
#.#..# #.#...


You could see a jelly and an orc.

Vanquished Creatures
  A bullfrog (D:4)
  An orc priest (D:3)
  Terence (D:2)
  Robin (D:2)
  3 adders
  2 worms
  2 dart slugs (D:1)
  10 orcs
  7 ball pythons
  6 bats
  5 endoplasms
  2 giant cockroaches (D:2)
  16 goblins
  7 hobgoblins
  2 quokkas
  5 frilled lizards
  4 kobolds
  4 rats
79 creatures vanquished.

Vanquished Creatures (others)
  13 fungi (D:4)
13 creatures vanquished.

Grand Total: 92 creatures vanquished

Notes
Turn   | Place    | Note
-------+----------+-------------------------------------------
     0 | D:1      | qw the Gargoyle Fighter began the quest for the Orb.
     0 | D:1      | Reached XP level 1. HP: 14/14 MP: 1/1
     0 | D:1      | 0 ||| qw: Version: 0.2-a-10-g399e6c4
     0 | D:1      | 0 ||| qw: Game counter: 284
     0 | D:1      | 0 ||| qw: Always use a shield: true
     0 | D:1      | 0 ||| qw: God list: Okawaru
     0 | D:1      | 0 ||| qw: Allow faded altars: false
     0 | D:1      | 0 ||| qw: Do Orc after D:15 true
     0 | D:1      | 0 ||| qw: Do second Lair branch before Depths: true
     0 | D:1      | 0 ||| qw: Lair rune preference: random
     0 | D:1      | 0 ||| qw: Plans: Normal, Zot:1-4, God:TSO, Crypt, Tomb,
                  | Pan, Slime:5, Hells, Abyss, Orb
     0 | D:1      | 0 ||| PLANNING D:1-11
   145 | D:1      | Reached skill level 2 in Axes
   157 | D:1      | 157 ||| Stepping ~*~*~tactically~*~*~ (stealth).
   178 | D:1      | 178 ||| Stepping ~*~*~tactically~*~*~ (stealth).
   313 | D:1      | Reached XP level 2. HP: 19/19 MP: 2/2
   320 | D:1      | 320 ||| DROPPING +0 club.
   640 | D:1      | 640 ||| Stepping ~*~*~tactically~*~*~ (hiding).
   707 | D:1      | Reached skill level 3 in Axes
  1027 | D:1      | Reached XP level 3. HP: 21/23 MP: 3/3
  1062 | D:1      | 1062 ||| DROPPING +0 ring mail of willpower.
  1063 | D:1      | 1063 ||| READING 2 scrolls labelled ACAVVU BUADOONN.
  1064 | D:1      | 1064 ||| READING scroll labelled NEFIOROSIGG.
  1165 | D:1      | 1165 ||| READING scroll labelled OMAR QANOYGHUW.
  1166 | D:1      | 1166 ||| DROPPING scroll of amnesia.
  1189 | D:2      | Noticed Robin
  1190 | D:2      | 1190 ||| STAIRDANCE
  1199 | D:2      | 1199 ||| STAIRDANCE
  1280 | D:2      | 1280 ||| STAIRDANCE
  1405 | D:2      | 1405 ||| STAIRDANCE
  1417 | D:2      | 1417 ||| STAIRDANCE
  1432 | D:2      | Killed Robin
  1702 | D:2      | Found a shimmering blue altar of Sif Muna.
  1759 | D:2      | Found a faded altar of an unknown god.
  1825 | D:2      | Noticed Terence
  1835 | D:2      | Killed Terence
  1836 | D:2      | Reached skill level 4 in Axes
  1836 | D:2      | Reached XP level 4. HP: 18/28 MP: 4/4
  2251 | D:2      | 2251 ||| DROPPING +1 hand axe of freezing.
  2267 | D:2      | 2267 ||| Stepping ~*~*~tactically~*~*~ (stealth).
  2298 | D:2      | 2298 ||| Stepping ~*~*~tactically~*~*~ (stealth).
  2302 | D:2      | 2302 ||| Stepping ~*~*~tactically~*~*~ (stealth).
  2305 | D:2      | 2305 ||| Stepping ~*~*~tactically~*~*~ (stealth).
  2662 | D:2      | 2662 ||| UPGRADING to +0 helmet.
  2667 | D:2      | 2667 ||| UPGRADING to +0 chain mail.
  2677 | D:2      | 2677 ||| DROPPING +0 scale mail.
  2678 | D:2      | 2678 ||| READING 2 scrolls labelled EHAEMPU NUT GAU.
  2679 | D:2      | 2679 ||| READING 2 scrolls labelled QEIMUOVIAM.
  2680 | D:2      | 2680 ||| READING scroll labelled CUUD PEDEQEE.
  2684 | D:2      | 2684 ||| READING 2 scrolls labelled XAIMED RILUTS.
  2685 | D:2      | 2685 ||| DRINKING 2 emerald potions.
  2686 | D:2      | 2686 ||| DROPPING potion of magic.
  2687 | D:2      | 2687 ||| DROPPING scroll of immolation.
  2688 | D:2      | 2688 ||| DROPPING scroll of fear.
  2697 | D:3      | 2697 ||| STAIRDANCE
  2777 | D:3      | Reached XP level 5. HP: 27/32 MP: 5/5
  2870 | D:3      | 2870 ||| Stepping ~*~*~tactically~*~*~ (stealth).
  2871 | D:3      | 2871 ||| Stepping ~*~*~tactically~*~*~ (stealth).
  2966 | D:3      | Found a radiant altar of Vehumet.
  3116 | D:3      | Found a snail-covered altar of Cheibriados.
  3304 | D:3      | 3304 ||| Stepping ~*~*~tactically~*~*~ (hiding).
  3318 | D:3      | Reached skill level 5 in Axes
  3356 | D:3      | 3356 ||| DROPPING +0 whip.
  3395 | D:3      | 3395 ||| Stepping ~*~*~tactically~*~*~ (stealth).
  3398 | D:3      | 3398 ||| Stepping ~*~*~tactically~*~*~ (stealth).
  3577 | D:3      | 3577 ||| UPGRADING to +0 pair of gloves.
  3582 | D:3      | 3582 ||| UPGRADING to ring of resist corrosion.
  3583 | D:3      | 3583 ||| READING 2 scrolls labelled UMNUUM CYTAD.
  3584 | D:3      | 3584 ||| READING 2 scrolls of identify.
  3584 | D:3      | 3584 ||| IDENTIFYING brown potion
  3585 | D:3      | 3585 ||| DROPPING scroll of fog.
  3612 | D:4      | 3612 ||| STAIRDANCE
  3718 | D:4      | 3718 ||| Stepping ~*~*~tactically~*~*~ (stealth).
  3723 | D:4      | 3723 ||| Stepping ~*~*~tactically~*~*~ (stealth).
  3726 | D:4      | 3726 ||| Stepping ~*~*~tactically~*~*~ (stealth).
  3729 | D:4      | Reached XP level 6. HP: 27/37 MP: 6/6
  3809 | D:4      | 3809 ||| Stepping ~*~*~tactically~*~*~ (stealth).
  3814 | D:4      | 3814 ||| Stepping ~*~*~tactically~*~*~ (stealth).
  3822 | D:4      | HP: 8/37 [acid (2)]
  3823 | D:4      | 3823 ||| READING scroll of teleportation.
  3824 | D:4      | HP: 2/37 [orc/+0 war axe (3)]
  3824 | D:4      | Slain by an orc

Levels and vault maps discovered:
D:1:      psy_arrival_whirlpool, layout_basic, serial_forest,
          infiniplex_forest_lined_1, infiniplex_forest_straight_4,
          infiniplex_forest_lined_3, infiniplex_forest_clump_tiny,
          infiniplex_forest_diagonal, infiniplex_forest_clump_cross,
          infiniplex_forest_lined_room_, dk_noncrumbling_2, roderic_lattice_a
D:2:      layout_loops_corners, chequers_ecumenical_altar_twisty, basic_altar,
          minmay_increasing_density, uniq_robin, uniq_terence
D:3:      layout_loops_corners, lemuel_coloured_pillars_altar,
          mainiacjoe_overflow_concentric_impassable
D:4:      layout_basic, minmay_temple_entry_arrows, serial_aquarium,
          aquarium_bridge_square [aquarium_subvault_wall,
          aquarium_subvault_bridge, aquarium_subvault_wall,
          aquarium_subvault_bridge], aquarium_window_corridor_3,
          aquarium_window_2, aquarium_window_1, aquarium_window_fake,
          aquarium_view_2f, aquarium_view_2d, aquarium_pool_corner,
          lemuel_flame_loot_1

Skill      XL: |  1  2  3  4  5 |
---------------+----------------+-----
Axes           | 2 3 4 5 |  5.0
Throwing       | 2 |  2.2
Fighting       | |  3.4
Armour         | |  3.2
Shields        | |  3.2

Action                   |  1- 3 |  4- 6 || total
-------------------------+-------+-------++-------
Melee: War axe           |   123 |   102 ||   225
Throw: Javelin           |       |     6 ||     6
  Use: Scroll            |     3 |     7 ||    10
       Potion            |       |     1 ||     1
Armor: Scale mail        |    74 |     9 ||    83
       Chain mail        |       |    44 ||    44
Dodge: Dodged            |    69 |    33 ||   102
Block: Buckler           |    34 |    17 ||    51

Table legend:
 A = Non-vault XP
 B = Vault XP
 C = Vault XP percentage of total XP
 D = Non-vault monster count
 E = Vault monster count
 F = Vault count percentage of total count
                 A         B        C        D         E       F
            +---------+---------+-------+---------+---------+-------
      Total |     283 |      90 |  24.1 |      57 |      22 |  27.8
            +---------+---------+-------+---------+---------+-------
        D:1 |      35 |      22 |  38.6 |      18 |      12 |  40.0
        D:2 |      31 |      68 |  68.7 |      11 |      10 |  47.6
        D:3 |     114 |       0 |   0.0 |      22 |       0 |   0.0
        D:4 |     103 |       0 |   0.0 |       6 |       0 |   0.0
            +---------+---------+-------+---------+---------+-------
